 Dungeon Crawl Stone Soup version 0.20.0-8-g6b59dc7 (webtiles) character file.

205 Alarkh the Chopper (level 5, 0/61 HPs)
             Began as a Demonspawn Monk on June 2, 2017.
             Slain by Ijyb (2 damage)
             ... on level 3 of the Dungeon.
             The game lasted 00:05:45 (5833 turns).

Alarkh the Chopper (Demonspawn Monk)                Turns: 5833, Time: 00:05:46

Health: 0/61       AC: 22    Str: 12    XL:     5   Next: 53%
Magic:  5/5        EV:  2    Int: 16    God:
Gold:   173        SH:  0    Dex: 15    Spells: 4/4 levels left

rFire    + . .     SeeInvis .   a - +0 hand axe
rCold    + . .     Gourm    .   (no shield)
rNeg     + + +     Faith    .   (armour currently unavailable)
rPois    +         Spirit   .   (helmet currently unavailable)
rElec    +         Reflect  .   (cloak currently unavailable)
rCorr    +         Harm     .   (gloves currently unavailable)
MR       .....     NoTele   +   (boots currently unavailable)
Stlth    +.........             (no amulet)
Regen    0.2/turn               f - ring of teleportation (curse)
MPRegen  0.1/turn               h - +2 ring of intelligence

@: confused, tree-form (expiring), resistant
A: clever 1, subdued magic 1
a: no special abilities


You were on level 3 of the Dungeon.
You were not hungry.
You were a tree.
You visited 1 branch of the dungeon, and saw 3 of its levels.

You collected 173 gold pieces.

Inventory:

Hand Weapons
 a - a +0 hand axe (weapon)
Armour
 b - a +0 robe (melded)
Jewellery
 f - a cursed ring of teleportation (left branch)
 h - a +2 ring of intelligence (right branch)
Scrolls
 d - a scroll of recharging {unknown}
 e - a scroll of identify
 g - a scroll of remove curse {unknown}
 j - a scroll of enchant armour {unknown}
 l - 2 scrolls of fog
 o - a scroll of immolation {unknown}
 q - a scroll of teleportation {unknown}
Potions
 i - 5 potions of curing
 n - a potion of brilliance
Comestibles
 c - 2 bread rations
 k - 3 meat rations
 m - a royal jelly


   Skills:
 - Level 3.0 Fighting
 + Level 5.7 Axes
 - Level 2.6 Dodging
 - Level 1.7 Stealth


You had 4 spell levels left.
You didn't know any spells.

Dungeon Overview and Level Annotations

Branches:
Dungeon (3/15)

Altars:

Annotations:
D:3 Ijyb


Innate Abilities, Weirdness & Mutations

((You have sharp toenails.))
Your mind is acute. (Int +2)
Your spells are a little easier to cast, but a little less powerful.


Message History

You nearly hit yourself!
Ijyb hits you.
* * * LOW HITPOINT WARNING * * *
You hit Ijyb but do no damage.
Ijyb is moderately wounded.
You hit the worm. Ijyb hits you but does no damage.
The worm bites you but does no damage.
You hit Ijyb but do no damage.
Ijyb is moderately wounded.
You hit the worm but do no damage. Ijyb hits you but does no damage.
You miss Ijyb.
Ijyb is moderately wounded.
You hit the worm. The worm bites you but does no damage.
Ijyb hits you but does no damage.
You barely miss Ijyb. You hit the worm but do no damage.
Ijyb hits you but does no damage. The worm bites you.
* * * LOW HITPOINT WARNING * * *
You hit the worm but do no damage.
The worm is severely wounded.
You miss Ijyb. Ijyb hits you.
You die...

.'......'........................
##......##.##########......##..##
#....?.##.# #####.............#
#......##'####(........##.####.#
#......#....##.........##.......
#......#....##.?.......#######..
#......#....##.........# ##.
#......##+####.wg......# #.
##########.####.♣.......# #.
..............'.........# ##
#####........##.........# #
#.......(##[........#
#........##.........#
#[.......##.........# #
#........############ #
#........# # #........# #


You could see Ijyb and a worm.

Vanquished Creatures
  Jessica (D:3)
  3 gnolls
  3 adders
  An ooze (D:2)
  4 worms
  5 dart slugs
  5 leopard geckos
  3 orcs
  A ball python (D:1)
  5 giant cockroaches
  4 goblins
  7 hobgoblins
  13 jackals
  A quokka (D:3)
  10 bats
  2 frilled lizards
  16 kobolds
  5 rats
  A plant (D:1)
90 creatures vanquished.

Notes
Turn   | Place    | Note
-------+----------+-------------------------------------------
     0 | D:1      | Alarkh the Demonspawn Monk began the quest for the Orb.
     0 | D:1      | Reached XP level 1. HP: 18/18 MP: 1/1
    59 | D:1      | Reached skill level 3 in Axes
   270 | D:1      | Gained mutation: You have sharp toenails. [demonic ancestry]
   270 | D:1      | Reached XP level 2. HP: 24/24 MP: 2/2
   885 | D:1      | Reached XP level 3. HP: 29/29 MP: 3/3
  1335 | D:1      | Reached skill level 4 in Axes
  2703 | D:2      | Reached XP level 4. HP: 29/35 MP: 4/4
  3889 | D:3      | Reached skill level 5 in Axes
  4821 | D:3      | Reached XP level 5. HP: 39/41 MP: 5/5
  5003 | D:3      | Noticed Jessica
  5007 | D:3      | Killed Jessica
  5194 | D:3      | Noticed Ijyb
  5800 | D:3      | Gained mutation: Your spells are a little easier to cast, but a little less powerful. [potion of mutation]
  5800 | D:3      | Gained mutation: Your mind is acute. (Int +2) [potion of mutation]
  5821 | D:3      | HP: 2/61 [Ijyb (2)]
  5828 | D:3      | HP: 3/61 [Ijyb (1)]
  5833 | D:3      | Slain by Ijyb

Skill      XL: |  1  2  3  4 |
---------------+-------------+-----
Axes           | 3 4 5 |  5.7
Fighting       | |  3.0
Dodging        | |  2.6
Stealth        | |  1.7

Action                   |  1- 3 |  4- 6 || total
-------------------------+-------+-------++-------
Melee: Hand axe          |   219 |   228 ||   447
       Kick              |    53 |    59 ||   112
  Use: Scroll            |     2 |     1 ||     3
       Potion            |       |     4 ||     4
 Stab: Sleeping          |     9 |     4 ||    13
  Eat: Chunk             |     4 |    12 ||    16
Armor: Robe              |    33 |    30 ||    63
       Skin              |       |    35 ||    35
Dodge: Dodged            |   123 |   126 ||   249
